Map: Arctic Dream LE

Players

Zeke

  • Race: Zerg Zerg
  • League: Platinum
  • Spawn Location: 6:00

Hoobo

  • Race: Terran Terran
  • Spawn Location: 5:00

qqq - Winner!

  • Race: Protoss Protoss
  • Spawn Location: 12:00

Massa - Winner!

  • Race: Terran Terran
  • Spawn Location: 11:00

VOD

Have the link to the VOD?

Description

Time

  • Played on: Oct. 2, 2020, 2:29 p.m.
  • Length: 3:55
Show
View Real Time Build Order
Export as new Build Order

Zeke Zerg 

Build Orders: Hatch First 

Get SALT Encoding   

  12  0:01  Drone  
  13  0:08  Drone  
  14  0:16  Overlord  
  14  0:35  Drone  
  15  0:37  Drone x2  
  17  0:55  Drone  
  18  0:57  Hatchery  
  18  1:02  Extractor  
  18  1:03  Drone  
  17  1:16  Spawning Pool  
  17  1:17  Drone  
  17  1:25  Drone  
  18  1:34  Drone  
  19  1:45  Drone  
  20  1:54  Overlord  
  20  2:04  Queen  
  22  2:08  Queen  
  22  2:09  Zergling x2  
  22  2:10  Zergling x2  
  22  2:13  Zergling x2  
  27  2:32  Spine Crawler  
  27  2:34  Zergling x2  
  27  2:35  Zergling x6  
  30  2:41  Spine Crawler  
  30  2:42  Zergling x2  
  30  2:50  Queen  
  31  3:03  Zergling x2  
  31  3:04  Zergling x6  
  34  3:11  Baneling Nest  
  33  3:13  Zergling x4  
  35  3:23  Overlord  
Show
View Real Time Build Order
Export as new Build Order

Hoobo Terran 

Build Orders:  

Get SALT Encoding   

  12  0:00  SCV  
  13  0:12  SCV  
  14  0:24  SCV  
  14  0:26  Supply Depot  
  15  0:33  Refinery  
  15  0:47  SCV  
  16  0:50  Barracks  
  16  0:59  SCV  
  17  1:11  SCV  
  18  1:40  SCV  
  19  1:52  SCV  
  20  1:54  Marine  
  21  2:36  Supply Depot  
  20  2:38  Supply Depot  
  20  2:39  Barracks Reactor  
  20  3:00  Barracks Reactor  
  20  3:06  Barracks  
  20  3:07  Barracks  
Show
View Real Time Build Order
Export as new Build Order

qqq Protoss - Winner!

Build Orders:  

Get SALT Encoding   

  12  0:02  Probe  
  13  0:17  Pylon  
  13  0:18  Probe  
  14  0:30  Probe  
  15  0:41  Forge  
  15  0:42  Probe  
  16  0:54  Probe  
  17  1:08  Probe  
  18  1:16  Pylon  
  17  1:33  Pylon  
  17  1:38  Photon Cannon  
  17  1:59  Probe  
  17  2:12  Probe  
  17  2:15  Photon Cannon  
  18  2:19  Photon Cannon  
  18  2:24  Probe  
  19  2:41  Photon Cannon  
  19  2:54  Nexus  
  18  3:06  Photon Cannon  
  18  3:10  Photon Cannon  
  18  3:12  Photon Cannon  
  18  3:15  Pylon  
  18  3:17  Probe  
  19  3:23  Photon Cannon  
  19  3:29  Probe  
  20  3:34  Photon Cannon  
  20  3:44  Gateway  
Show
View Real Time Build Order
Export as new Build Order

Massa Terran - Winner!

Build Orders: 1/1/1, Liberator Opening 

Get SALT Encoding   

  12  0:00  SCV  
  13  0:12  SCV  
  14  0:17  Supply Depot  
  14  0:24  SCV  
  15  0:31  Refinery  
  15  0:41  Barracks  
  15  0:45  SCV  
  16  0:57  SCV  
  17  1:09  SCV  
  18  1:16  Refinery  
  18  1:21  SCV  
  19  1:30  Marine, Supply Depot  
  20  1:33  Factory  
  20  1:36  SCV  
  21  1:48  SCV  
  21  1:49  Reaper  
  23  2:01  Orbital Command  
  23  2:18  Starport  
  23  2:19  Factory Tech Lab  
  23  2:23  Marine  
  24  2:41  SCV, Marine  
  29  2:54  Liberator  
  29  2:57  Hellion  
  31  3:40  Command Center  
  31  3:47  Supply Depot  
  31  3:50  Supply Depot  
  31  3:52  Supply Depot  
Tags
 
Add a new tag
Caveats
  • Supply blocks, unpowered buildings, or Contaminate may cause inaccurate times.
  • Supply counts are checked every 10 seconds.